 Dungeon Crawl Stone Soup version 0.23-a0-819-g6debee6 (console) character file.

210 Duffy the Conjurer (level 5, -4/28 HPs)
             Began as a Deep Elf Fire Elementalist on Jan 22, 2019.
             Shot with an arrow by a centaur (8 damage)
             ... on level 5 of the Dungeon.
             The game lasted 00:02:45 (1082 turns).

Duffy the Conjurer (Deep Elf Fire Elementalist)     Turns: 1082, Time: 00:02:46

Health: -4/28      AC:  3    Str:  5    XL:     5   Next: 56%
Magic:  14/22      EV: 13    Int: 21    God:
Gold:   22         SH:  0    Dex: 15    Spells: 4/12 levels left

rFire    . . .     SeeInvis .   c - 6 rations
rCold    . . .     Gourm    +   (no shield)
rNeg     . . .     Faith    .   a - +0 robe
rPois    .         Spirit   .   g - +0 helmet
rElec    .         Reflect  .   (no cloak)
rCorr    .         Harm     .   (no gloves)
MR       .....                  (no boots)
Stlth    ++........             e - amulet of the gourmand
HPRegen  0.09/turn              i - ring of magical power
MPRegen  0.18/turn              (no ring)

@: no status effects
A: no striking features
a: no special abilities


You were on level 5 of the Dungeon.
You were not hungry.

You visited 2 branches of the dungeon, and saw 6 of its levels.

You collected 22 gold pieces.

Inventory:

Armour
 a - a +0 robe (worn)
 g - a +0 helmet (worn)
 l - a +1 pair of gloves
Jewellery
 e - an amulet of the gourmand (around neck)
 i - a ring of magical power (left hand)
 m - an uncursed amulet of rage {unknown}
Scrolls
 b - a scroll of teleportation {unknown}
 f - a scroll of enchant weapon {unknown}
 h - 2 scrolls of identify {unknown}
 j - a scroll of random uselessness {unknown}
Potions
 d - a potion of heal wounds {unknown}
 k - a potion of haste {unknown}
Comestibles
 c - 6 rations (in hand)


   Skills:
 - Level 2.4 Dodging
 - Level 2.4 Stealth
 + Level 4.4 Spellcasting
 + Level 4.7 Conjurations
 + Level 4.3 Fire Magic


You had 4 spell levels left.
You knew the following spells:

 Your Spells              Type           Power        Failure   Level  Hunger
h - Flame Tongue          Conj/Fire      ###..        1%          1    None
j - Sticky Flame          Conj/Fire      ###.....     19%         4    ####...
l - Conjure Flame         Conj/Fire      ###.....     5%          3    ##.....

Your spell library contained the following spells:

 Spells                   Type           Power        Failure   Level  Hunger
 Throw Flame              Conj/Fire      ###...       2%          2    #......
 Animate Skeleton         Necr           N/A          12%         1    None
 Apportation              Tloc           #.....       12%         1    None
 Confusing Touch          Hex            #.....       12%         1    None
 Summon Small Mammal      Summ           #...         12%         1    None
 Inner Flame              Hex/Fire       ##......     14%         3    ##.....
 Fireball                 Conj/Fire      ###.......   45%         5    ######.


Dungeon Overview and Level Annotations

Branches:
Dungeon (5/15)             Temple (1/1) D:5

Altars:
Cheibriados
Fedhas
Hepliaklqana
Kikubaaqudgha
Makhleb
Nemelex Xobeh
Trog
Wu Jian
Xom
Yredelemnul
The Shining One

Shops:
D:4 ?

Annotations:
D:4 exclusion: crimson imp


Message History

You have reached level 5!
m - a triangular steel amulet This spell is slightly dangerous to cast.
Memorise Sticky Flame, consuming 4 spell levels and leaving 4?
You start memorising the spell.
You continue memorising. x4
You finish memorising.
Spell assigned to 'j'.
Found a scroll labeled HEINKA PIWN.
You hear the brisk rusting of a very distant drain.
A centaur comes into view.
The centaur shouts!
The centaur wields a +5 shortbow.
The centaur shoots an arrow.
The arrow closely misses you.
Found 9 gold pieces.
The centaur shoots an arrow.
The arrow hits you!
You see here 2 arrows.
The centaur shoots an arrow.
The arrow hits you.
You see here an arrow.
You start resting.
The centaur shoots an arrow.
The arrow hits you!
You die...

..# #.##....##.# #.#
..# #.##....##.#
#.###### ..#
#.......##.# ..
#......# ..# ##....#
#.# .... ######.#
..#####....# #.#
..$.#######.##
.....##....###.#####
.............#
)8.8.##............#
.............#
}.}..####..........#
.............#
.>.8.............@.#
.............#
}.}............c####
.............#
.8.8........#..(####
######.######
...............(...##
#<....#
##.#........(.......#
#######
##..................#
####................#
...##########..#....#
...# #..#...c#


You could see a centaur.

Vanquished Creatures
  An ice beast (D:5)
  A centaur zombie (D:5)
  An orc wizard (D:4)
  3 adders (D:5)
  An ooze (D:1)
  A dart slug (D:1)
  A leopard gecko (D:5)
  An orc (D:3)
  2 giant cockroaches (D:1)
  A goblin (D:3)
  4 jackals (D:5)
  A ball python (D:1)
  2 bats
  A jackal skeleton (D:4)
  2 kobolds
  2 rats
25 creatures vanquished.

Vanquished Creatures (others)
  3 toadstools (D:1)
3 creatures vanquished.

Grand Total: 28 creatures vanquished

Notes
Turn   | Place    | Note
-------+----------+-------------------------------------------
     0 | D:1      | Duffy the Deep Elf Fire Elementalist began the quest for
                  | the Orb.
     0 | D:1      | Reached XP level 1. HP: 10/10 MP: 6/6
   113 | D:1      | Reached XP level 2. HP: 8/15 MP: 0/8
   376 | D:3      | Found a glowing golden altar of the Shining One.
   432 | D:3      | Found a bloodstained altar of Trog.
   578 | D:4      | Found Cuacyps's Magic Scroll Boutique.
   611 | D:4      | Noticed a crimson imp
   655 | D:4      | Reached XP level 3. HP: 19/19 MP: 9/9
   660 | D:4      | Learned a level 3 spell: Conjure Flame
   751 | D:5      | Entered Level 5 of the Dungeon
   887 | D:5      | Found a staircase to the Ecumenical Temple.
   893 | D:5      | Reached XP level 4. HP: 24/24 MP: 10/10
   899 | Temple   | Entered the Ecumenical Temple
  1045 | D:5      | Noticed an ice beast
  1053 | D:5      | Killed an ice beast
  1053 | D:5      | Reached XP level 5. HP: 17/28 MP: 9/13
  1063 | D:5      | Learned a level 4 spell: Sticky Flame
  1073 | D:5      | Noticed a centaur
  1082 | D:5      | Shot with an arrow by a centaur

Vault maps used:
D:1:      onia_arrival_handbag, kennysheep_flooded_box,
          minmay_misc_feat_secret_circle, minmay_gold_behind_fungi
D:2:      minmay_between
D:3:      kennysheep_goblin_castle, old_standard_altar,
          nicolae_ru_great_annihilating_truth,
          grunt_dithmenos_smoke_and_mirrors, lemuel_crystal_altar, bloody_trog,
          minmay_quadrilaterals
D:4:      first_ration, serial_shops, nicolae_shop_crystal
D:5:      minmay_temple_entry_statues_fountains, portal_sewer_entry_b
Temple:   nicolae_temple_figure_zero

Skill      XL: |  1  2  3  4 |
---------------+-------------+-----
Conjurations   | 2 3 4 |  4.7
Spellcasting   | 4 |  4.4
Fire Magic     | 4 |  4.3
Dodging        | |  2.4
Stealth        | |  2.4

Action                   |  1- 3 |  4- 6 || total
-------------------------+-------+-------++-------
Melee: Unarmed           |     1 |       ||     1
 Cast: Flame Tongue      |    50 |    19 ||    69
       Conjure Flame     |       |     1 ||     1
  Eat: Chunk             |     4 |       ||     4
Armor: Robe              |     7 |     4 ||    11
Dodge: Dodged            |    24 |     7 ||    31

Table legend:
 A = Non-vault XP
 B = Vault XP
 C = Vault XP percentage of total XP
 D = Non-vault monster count
 E = Vault monster count
 F = Vault count percentage of total count
                 A         B        C        D         E       F
            +---------+---------+-------+---------+---------+-------
      Total |     292 |       8 |   2.7 |      23 |       2 |   8.0
            +---------+---------+-------+---------+---------+-------
        D:1 |      10 |       8 |  44.4 |       5 |       2 |  28.6
        D:2 |       2 |       0 |   0.0 |       2 |       0 |   0.0
        D:3 |       7 |       0 |   0.0 |       4 |       0 |   0.0
        D:4 |      43 |       0 |   0.0 |       2 |       0 |   0.0
        D:5 |     230 |       0 |   0.0 |      10 |       0 |   0.0
            +---------+---------+-------+---------+---------+-------
